 Dungeon Crawl Stone Soup version 0.31.0-10-gcf4a605ca0 (webtiles) character file.

Game seed: 15700511277639747585

56 Arex the Changeling (level 3, -2/29 HPs)
             Began as a Draconian Shapeshifter on Jan 26, 2024.
             Was a Plaything of Xom.
             Killed by divine providence
             ... invoked by an orc priest
              (9 damage)
             ... on level 2 of the Dungeon.
             The game lasted 00:02:11 (1147 turns).

Arex the Changeling (Draconian Shapeshifter)        Turns: 1147, Time: 00:02:12

Health: -2/29      AC:  9    Str: 22    XL:     3   Next: 69%
Magic:  3/3        EV: 12    Int: 10    God:    Xom [..*...]
Gold:   61         SH:  0    Dex: 10    Spells: 2/2 levels left

rFire   + .          .
                       - Unarmed
rCold   . . .        (no shield)
rNeg    . . .        (body armour unavailable)
rPois   +            (helmet currently unavailable)
rElec   .            (cloak currently unavailable)
rCorr   .            (gloves currently unavailable)
SInv    .            (boots currently unavailable)
Will    .....        (no amulet)
Stlth   +            j - +4 ring of protection
HPRegen 0.24/turn    d - ring "Veppech" {rPois rF+ Str+4}
MPRegen 0.08/turn

%: no passive effects
@: beast-form, attractive
A: beast (slay +2), AC +5, unfitting armour, cold-blooded
a: Begin Untransformation, Renounce Religion


You were on level 2 of the Dungeon.
You worshipped Xom.
You were a toy of Xom.
You were a hulking beast.
You visited 1 branch of the dungeon, and saw 2 of its levels.

You collected 61 gold pieces.

Inventory:

Armour
 g - a +0 pair of boots
Jewellery
 d - the ring "Veppech" (right hand) {rPois rF+ Str+4}
   (You acquired it on level 2 of the Dungeon)

   [ring of protection from fire]

   Str+4:     It affects your strength (+4).
   rF+:       It protects you from fire.
   rPois:     It protects you from poison
 j - a +4 ring of protection (left hand)
Talismans
 b - a beast talisman
 c - a flux talisman
Scrolls
 h - a scroll of identify
 i - 2 scrolls of teleportation {unknown}
 l - a scroll of vulnerability {unknown}
Potions
 a - a potion of lignification
 e - a potion of brilliance
 k - a potion of invisibility {unknown}


   Skills:
 + Level 2.0 Fighting
 + Level 2.2 Dodging
 + Level 3.3 Unarmed Combat
 * Level 3.6 Shapeshifting


You had 2 spell levels left.
You didn't know any spells.
Your spell library was empty.

Dungeon Overview and Level Annotations

Branches:
Dungeon (2/15) Zot: 10810

Altars:
Xom


Innate Abilities, Weirdness & Mutations

You are a hulking beast.
Your limbs bulge with bestial killing power. (Slay +2)
Your plain brown scales are hard. (AC +5)
You cannot fit into any form of body armour.
You are cold-blooded and may be slowed by cold attacks.


Message History

Your butterfly disappears in a puff of smoke!
You see here a +0 short sword.
Okay, then.
Okay, then.
You feel better.
The orc completely misses your butterfly.
The orc closely misses you.
You punch the orc!
You kill the orc!
The orc priest calls upon Beogh to heal the orc.
The orc's wounds heal themselves!
You punch the orc!
You kill the orc!
Your butterfly disappears in a puff of smoke!
The orc priest mumbles some strange prayers to Beogh against you.
Beogh smites you!
* * * LOW HITPOINT WARNING * * *
You closely miss the orc. The orc closely misses you.
You hit the orc.
The orc is heavily wounded. "Go forth and cause havoc, mortal!"
You feel attractive to monsters. The orc hits you but does no damage.
The orc priest casts a cantrip, but nothing happens.
The orc priest is attracted toward you.
You punch the orc!
You kill the orc!
Your Fighting skill increases to level 2!
You punch the orc priest!
The orc priest is severely wounded.
The orc priest misses you. The orc priest misses your butterfly.
You hit the orc priest.
The orc priest is severely wounded.
The orc priest closely misses you.
The orc priest completely misses your butterfly.
You hit the orc priest.
The orc priest is almost dead.
The orc priest mumbles some strange prayers to Beogh against you.
Beogh smites you!
You die...

#....# #....# ####.#
#....#### #.# #.......#
#.# #.......#
####.###.......#
.......#.......#
.....#.........#
....†....).....##### ###
....###........#h..# ...#
....# #........'.o.# ...+
....# #........#...#####
....# ....#
#........#.b.)...# #.b..#
....#
########.#.......###o..$.#
##### #.#.....b.#..oo..?#
#.#........)##....#
#.#........## )..#
#.##.......# ..#


You could see an orc priest (ally target).

Vanquished Creatures
  2 adders (D:2)
  A ribbon worm (D:2)
  4 orcs (D:2)
  2 ball pythons (D:1)
  2 bats
  4 endoplasms (D:1)
  A giant cockroach (D:2)
  3 goblins (D:1)
  5 hobgoblins
  A kobold (D:2)
  3 rats (D:1)
28 creatures vanquished.

Notes
Turn   | Place    | Note
-------+----------+-------------------------------------------
     0 | D:1      | Arex the Draconian Shapeshifter began the quest for the
                  | Orb.
     0 | D:1      | Reached XP level 1. HP: 16/16 MP: 1/1
   240 | D:1      | Reached XP level 2. HP: 23/23 MP: 2/2
   442 | D:1      | Found a faded altar of an unknown god.
   489 | D:1      | Prayed at the altar of an unknown god.
   489 | D:1      | Became a worshipper of Xom of Chaos
   523 | D:1      | XOM: divination: detect creatures
   838 | D:2      | Reached XP level 3. HP: 29/29 MP: 3/3
   896 | D:2      | XOM: silly message
   949 | D:2      | Identified a scroll of acquirement
   950 | D:2      | Acquired the ring "Veppech" {rPois rF+ Str+4}
  1002 | D:2      | XOM: divination: magic mapping
  1129 | D:2      | XOM: butterfly on damage
  1143 | D:2      | XOM: potion effect (attraction)
  1147 | D:2      | Killed from afar by an orc priest

Illustrated notes

Levels and vault maps discovered:
D:1:      evilmike_arrival_plus, layout_basic, chequers_ecumenical_altar_island,
          serial_bayou_lake_a
D:2:      layout_basic

Skill      XL: |  1  2  3 |
---------------+----------+-----
Dodging        | 2 |  2.2
Fighting       | 2 |  2.0
Unarmed Combat | |  3.3
Shapeshifting  | |  3.6

Action                     || total
---------------------------++-------
  Melee: Unarmed           ||    88
         Tailslap          ||     7
         Punch             ||     2
    Use: Scroll            ||     4
         Potion            ||     1
 Armour: Skin              ||    44
  Dodge: Dodged            ||    51
